 Dungeon Crawl Stone Soup version 0.31.0-1-g2c135a0 (webtiles) character file.

Game seed: 13617936077315081892

5 samcosmo the Firebug (level 1, 0/15 HPs)
             Began as a Draconian Fire Elementalist on Mar 18, 2024.
             Slain by a quokka (4 damage)
             ... on level 1 of the Dungeon.
             The game lasted 00:00:51 (291 turns).

samcosmo the Firebug (Draconian Fire Elementalist)   Turns: 291, Time: 00:00:51

Health: 0/15       AC:  4    Str: 10    XL:     1   Next: 66%
Magic:  0/3        EV: 12    Int: 15    God:
Gold:   28         SH:  0    Dex: 11    Spells: 3/4 levels left

rFire   . . .        d - +0 whip
rCold   . . .        (no shield)
rNeg    . . .        (body armour unavailable)
rPois   .            (helmet restricted)
rElec   .            (no cloak)
rCorr   .            (no gloves)
SInv    .            (no boots)
Will    .....        (no amulet)
Stlth   ++           (no ring)
HPRegen 0.22/turn    (no ring)
MPRegen 0.08/turn

%: no passive effects
@: slowed, very slow
A: AC +4, unfitting armour, cold-blooded
a: no special abilities


You were on level 1 of the Dungeon.
You visited 1 branch of the dungeon, and saw 1 of its levels.

You collected 28 gold pieces.

Inventory:

Hand Weapons
 d - a +0 whip (weapon)
Jewellery
 e - an amulet of guardian spirit
Scrolls
 b - a scroll of fear {unknown}
Potions
 a - a potion of magic
 c - a potion of curing {unknown}


   Skills:
 + Level 0.3 Fighting
 + Level 1.9 Dodging
 - Level 1.7 Stealth
 * Level 2.1 Spellcasting
 - Level 1.0 Conjurations
 + Level 3.0 Fire Magic


You had 3 spell levels left.
You knew the following spells:

 Your Spells              Type           Power      Damage    Failure   Level
a - Foxfire               Conj/Fire      28%        2x1d5     10%         1

Your spell library contained the following spells:

 Spells                   Type           Power      Damage    Failure   Level
 Scorch                   Fire           20%        2d5       10%         2
 Inner Flame              Hex/Fire       6%         N/A       34%         3
 Volatile Blastmotes      Fire/Tloc      12%        2d11      34%         3
 Flame Wave               Conj/Fire      7%         2d5       67%         4


Dungeon Overview and Level Annotations

Branches:
Dungeon (1/15)

Altars:


Innate Abilities, Weirdness & Mutations

Your plain brown scales are hard. (AC +4)
You cannot fit into any form of body armour.
You are cold-blooded and may be slowed by cold attacks.


Message History

You open the door.
There is an open door here.
You now have 28 gold pieces (gained 7).
e - an amulet of guardian spirit
Okay, then.
You open the door.
There is an open door here.
An endoplasm comes into view.
A quokka and a dart slug come into view.
You conjure some foxfire!
You conjure some foxfire!
The foxfire hits the quokka but does no damage.
The foxfire hits the quokka.
The quokka is lightly wounded.
Unknown command.
The foxfire hits the quokka.
The quokka is moderately wounded.
The foxfire hits the quokka.
The quokka is heavily wounded.
The endoplasm quivers.
The quokka bites you.
You conjure some foxfire!
The quokka bites you.
You are out of magic!
You barely miss the quokka.
The quokka is heavily wounded.
The foxfire hits the quokka.
The quokka is severely wounded.
The foxfire hits the endoplasm.
The endoplasm is moderately wounded.
The quokka bites you but does no damage. x2
You barely miss the quokka.
The quokka is severely wounded.
The endoplasm misses you. The quokka closely misses you.
You closely miss the quokka.
The quokka is severely wounded.
The endoplasm freezes you.
You are frozen.
You feel yourself slow down. The quokka bites you.
* * * LOW HITPOINT WARNING * * *
The quokka bites you.
You die...

##### #...# #...# ### #...#
..# . ....### #.# ...
....'.###.# #+#####..#+#
....#...#.####..@r.......
....###..........J$...w..
...........#########.#.#.
........†#..#### ....
.........##....# .#.
.........'.....# ..
.........##....### #
.........##......##########.#
.........+...............>..#


You could see a dart slug (asleep), an endoplasm and a quokka.

Vanquished Creatures
  2 endoplasms (D:1)
  A kobold (D:1)
  A ball python (D:1)
  A rat (D:1)
5 creatures vanquished.

Vanquished Creatures (others)
  22 foxfires (D:1)
22 creatures vanquished.

Grand Total: 27 creatures vanquished

Notes
Turn   | Place    | Note
-------+----------+-------------------------------------------
     0 | D:1      | samcosmo the Draconian Fire Elementalist began the quest
                  | for the Orb.
     0 | D:1      | Reached XP level 1. HP: 14/14 MP: 3/3
     1 | D:1      | Noticed a large abomination
     3 | D:1      | Noticed a large abomination
     3 | D:1      | Noticed a small abomination
     6 | D:1      | Noticed a large abomination
     7 | D:1      | Noticed a large abomination
     8 | D:1      | Noticed a small abomination
     9 | D:1      | Noticed a large abomination
    11 | D:1      | Noticed a large abomination
    11 | D:1      | Noticed a large abomination
    13 | D:1      | Noticed a small abomination
    13 | D:1      | Noticed a large abomination
    15 | D:1      | Noticed a small abomination
    15 | D:1      | Noticed a small abomination
    17 | D:1      | Noticed a large abomination
    17 | D:1      | Noticed a large abomination
    19 | D:1      | Noticed a large abomination
    19 | D:1      | Noticed a large abomination
    21 | D:1      | Noticed a large abomination
   291 | D:1      | Slain by a quokka

Illustrated notes

Levels and vault maps discovered:
D:1:      shiori_arrival_whats_in_store_for_you, layout_basic, serial_glass,
          glass_columns_a, glass_columns_a, glass_columns_b, glass_columns_b,
          glass_columns_a, glass_columns_b, glass_columns_a, glass_columns_a,
          glass_columns_c, glass_columns_a, due_unseen_surprise,
          item_on_display_a, feat_on_display, feat_on_display

Action                     || total
---------------------------++-------
  Melee: Whip              ||     3
         Unarmed           ||     1
         Punch             ||     1
   Cast: Foxfire           ||    12
 Armour: Skin              ||     8
  Dodge: Dodged            ||     2
